Barracuda vs Griffins

Created - Sunday, November 01, 2015 at 01:40

Goals
1 2 3 OT1 SO T
Barracuda 0 0 1 0 0 1
Griffins 0 1 0 0 1 2
Shots
1 2 3 OT1 SO T
Barracuda 6 10 15 0 3 31
Griffins 8 5 8 9 2 30

1st period

No Goal

Penalties :
Mark Mancari (GRG) for Fighting (Major) at 0:31, Mark McNeill (SJO) for Fighting (Major) at 0:31, Jared Staal (GRG) for Fighting (Major) at 6:48, Danny Syvret (SJO) for Fighting (Major) at 6:48, Jared Staal (GRG) for instigated a fight (Minor) at 6:48, Jared Staal (GRG) for instigated a fight (10 Minutes Misconduct) at 6:48, Brendan Mikkelson (SJO) for Tripping (Minor) at 7:14, Mark Mancari (GRG) for Fighting (Major) at 14:43, Patrick McNeill (SJO) for Fighting (Major) at 14:43, Mark Mancari (GRG) for instigated a fight (Minor) at 14:43, Mark Mancari (GRG) for instigated a fight (10 Minutes Misconduct) at 14:43

2nd period

1. Griffins , Matt Frattin 2 (Mike Keenan) at 10:12

Penalties :
Mike Angelidis (GRG) for Tripping (Minor) at 4:44, Scott Valentine (GRG) for Tripping (Minor) at 13:14, Taylor Chorney (SJO) for Hooking (Minor) at 14:26, Maxime Fortunus (SJO) for Roughing (Minor) at 17:43

3rd period

2. Barracuda , Bobby Farnham 2 (Danny Syvret, Ryan Hamilton) at 14:51

Penalties :
Mark Fistric (SJO) for Roughing (Minor) at 2:19, John McFarland (GRG) for Fighting (Major) at 5:46, Marek Hrivik (SJO) for Fighting (Major) at 5:46, John McFarland (GRG) for Fighting (Major) at 17:37, Maxime Fortunus (SJO) for Fighting (Major) at 17:37

Overtime #1

No Goal

Penalties :
No Penalty

Shootout

Penalty Shot by John Kurtz for Barracuda - Shot Misses the Net
Penalty Shot by Matt Frattin for Griffins - Goal!
Penalty Shot by Vincent Lecavalier for Barracuda - Stopped by Anton Forsberg
Penalty Shot by Peter Regin for Griffins - Stopped by David Leggio
Penalty Shot by Mark McNeill for Barracuda - Stopped by Anton Forsberg

Penalties :
No Penalty

Goalie Stats

Joey MacDonald (SJO), 23 saves from 24 shots - (0.958), 61:35 minutes
David Leggio (SJO), 6 saves from 6 shots - (1.000), OTL, 0-0-1, 3:25 minutes
Anton Forsberg (GRG), 30 saves from 31 shots - (0.968), W, 2-6-2, 65:00 minutes

Players Stats for Barracuda

Player Name              G  A  P  +/- PIM S  H  SB GA TA FO     MP     PP MP  PK MP  
------------------------------------------------------------------------------------
Alexandre Bolduc         0  0  0  -1  0   3  7  1  3  0  0/0    21:52   2:58   3:41 
Bobby Farnham            1  0  1   1  0   4  3  0  5  1  0/0    17:17   2:38   0:00 
Brendan Mikkelson        0  0  0   1  2   0  0  1  0  5  0/0    28:54   3:36   3:28 
Danny Syvret             0  1  1   1  5   0  0  2  0  4  0/0    25:35   3:11   2:53 
David Van Der Gulik      0  0  0   0  0   2  1  0  6  0  0/0    12:07   0:00   0:02 
Eric Selleck             0  0  0   0  0   1  3  0  0  0  0/0     8:50   0:00   1:22 
John Kurtz               0  0  0   0  0   0  1  1  0  0  0/2     9:44   0:00   0:00 
Louis Leblanc            0  0  0   0  0   1  1  0  3  1  1/6    12:14   0:00   0:47 
Marek Hrivik             0  0  0   1  5   0  0  0  0  1  0/0    15:28   2:38   0:00 
Mark Fistric             0  0  0   0  2   3  1  1  0  1  0/0    20:49   0:26   0:26 
Mark McNeill             0  0  0  -1  5   2  0  0  3  3  4/9    20:37   2:58   0:09 
Maxime Fortunus          0  0  0  -1  7   0  2  0  0  2  0/0    19:32   1:59   1:26 
Mike Halmo               0  0  0   0  0   1  0  0  1  0  2/5     9:16   0:00   1:37 
Patrick McNeill          0  0  0   0  5   0  0  0  1  2  0/0    16:53   0:00   0:00 
Ryan Hamilton            0  1  1   1  0   6  2  0  3  1  4/11   17:17   2:38   0:00 
Rylan Schwartz           0  0  0   0  0   1  2  0  0  1  0/0    11:33   0:00   0:23 
Taylor Chorney           0  0  0  -1  2   0  2  1  0  3  0/0    19:32   1:58   2:59 
Vincent Lecavalier       0  0  0  -1  0   7  0  0  6  2  12/20  24:34   2:58   3:11 

Players Stats for Griffins

Player Name              G  A  P  +/- PIM S  H  SB GA TA FO     MP     PP MP  PK MP  
------------------------------------------------------------------------------------
Adam Payerl              0  0  0   0  0   0  0  0  0  0  0/0     0:44   0:00   0:00 
Ben Eager                0  0  0   0  0   1  1  0  1  0  0/0     9:02   0:16   2:50 
Corey Trivino            0  0  0   0  0   1  0  0  1  1  0/4    13:59   0:00   2:43 
Dylan Reese              0  0  0   0  0   0  0  0  0  0  0/0     0:00   0:00   0:00 
Jared Staal              0  0  0   0  17  2  1  0  0  3  0/0    14:39   0:20   0:35 
Jay Rosehill             0  0  0   0  0   0  2  0  2  0  0/0    10:16   0:00   0:00 
John McFarland           0  0  0  -1  10  2  0  0  3  1  6/12   21:47   1:51   0:14 
Mark Alt                 0  0  0  -1  0   3  2  1  0  4  0/0    28:38   3:16   3:45 
Mark Mancari             0  0  0   1  22  6  1  1  1  0  11/13  18:47   1:49   1:21 
Matt Frattin             1  0  1   1  0   7  2  0  12 0  0/3    22:43   3:29   0:00 
Matt Taormina            0  0  0  -1  0   1  0  1  1  2  0/0    28:38   3:16   3:45 
Mike Angelidis           0  0  0  -1  2   2  1  0  1  2  3/8    23:10   3:27   0:14 
Mike Keenan              0  1  1   1  0   0  0  0  0  0  0/0    14:01   0:00   0:00 
Peter Regin              0  0  0   0  0   1  0  1  3  0  10/13  26:56   1:49   2:18 
Robert Hagg              0  0  0   0  0   1  0  1  1  2  0/0    22:20   2:20   1:51 
Scott Valentine          0  0  0   1  2   0  0  0  0  1  0/0    14:20   0:20   0:00 
Taylor Aronson           0  0  0   0  0   3  2  2  0  1  0/0    22:20   2:20   1:51 
William Nylander         0  0  0   0  0   0  0  0  7  1  0/0    19:40   3:27   0:57 

3 Stars

1 - Anton Forsberg (GRG)
2 - Joey MacDonald (SJO)
3 - Bobby Farnham (SJO)

Power Play

Barracuda - 0 on 4 Attempt(s) - 0.00%
Griffins - 0 on 4 Attempt(s) - 0.00%

Penalty Kill

Barracuda - 4 on 4 Attempt(s) - 100.00% - Score 0 goal in Penalty Kill
Griffins - 4 on 4 Attempt(s) - 100.00% - Score 0 goal in Penalty Kill

Team Stat

Barracuda - Hits : 25 - Faceoff Wins : 23 - Blocked Shots : 7 - Penalty Minutes : 33
Griffins - Hits : 12 - Faceoff Wins : 30 - Blocked Shots : 7 - Penalty Minutes : 53

Official

Referees : Unknown
Linesman : Unknown

Game Notes

Mark Mancari and Mark McNeill fight to a draw at 0:31 of 1st period
Jared Staal and Danny Syvret fight to a draw at 6:48 of 1st period
Patrick McNeill beats up Mark Mancari at 14:43 of 1st period
John McFarland beats up Marek Hrivik at 5:46 of 3rd period
John McFarland beats up Maxime Fortunus at 17:37 of 3rd period
Joey MacDonald is injured at 1:35 of 1st overtime period (Bruised Right Shoulder)
David Leggio enters game at 1:35 of 1st overtime period

Finance

Level 1 -- Attendance: 1545 (77.25%) -- Ticket Income $54,075
Level 2 -- Attendance: 758 (75.80%) -- Ticket Income $11,370
Total Attendance: 2303 (76.77%)
Total Ticket Income: $65,445
Other Income: $32,068
Total Income: $97,513

Barracuda

5 vs 5 Forward 
   Center                   Left Wing                Right Wing               Time % Phy DF OF 
 1 Vincent Lecavalier       Mark McNeill             Alexandre Bolduc         35     1   2  2  
 2 Ryan Hamilton            Marek Hrivik             Bobby Farnham            30     1   2  2  
 3 Louis Leblanc            David Van Der Gulik      Rylan Schwartz           22     1   2  2  
 4 Mike Halmo               Eric Selleck             John Kurtz               13     1   2  2  

5 vs 5 Defense 
   Defense                  Defense                                           Time % Phy DF OF 
 1 Brendan Mikkelson        Danny Syvret                                      35     1   2  2  
 2 Taylor Chorney           Maxime Fortunus                                   30     1   2  2  
 3 Mark Fistric             Patrick McNeill                                   22     1   2  2  
 4 Brendan Mikkelson        Danny Syvret                                      13     1   2  2  

PowerPlay Forward 
   Center                   Left Wing                Right Wing               Time % Phy DF OF 
 1 Vincent Lecavalier       Mark McNeill             Alexandre Bolduc         60     1   2  2  
 2 Ryan Hamilton            Marek Hrivik             Bobby Farnham            40     1   2  2  

PowerPlay Defense
   Defense                  Defense                                           Time % Phy DF OF 
 1 Brendan Mikkelson        Danny Syvret                                      60     1   2  2  
 2 Maxime Fortunus          Taylor Chorney                                    40     1   2  2  

Penalty Kill 4 Players Forward 
   Center                   Wing                     Time % Phy DF OF 
 1 Vincent Lecavalier       Alexandre Bolduc         60     1   2  2  
 2 Louis Leblanc            Eric Selleck             40     1   2  2  

Penalty Kill 4 Players Defense
   Defense                  Defense                  Time % Phy DF OF 
 1 Danny Syvret             Brendan Mikkelson        60     1   2  2  
 2 Taylor Chorney           Maxime Fortunus          40     1   2  2  

Penalty Kill - 3 Players Forward 
   Forward                                           Time % Phy DF OF 
 1 Mark McNeill                                      60     1   2  2  
 2 Rylan Schwartz                                    40     1   2  2  

Penalty Kill - 3 Players Defense
   Defense                  Defense                  Time % Phy DF OF 
 1 Danny Syvret             Brendan Mikkelson        60     1   2  2  
 2 Patrick McNeill          Mark Fistric             40     1   2  2  

4 vs 4 Forward 
   Center                   Wing                     Time % Phy DF OF 
 1 Mark McNeill             Vincent Lecavalier       60     1   2  2  
 2 Alexandre Bolduc         David Van Der Gulik      40     1   2  2  

4 vs 4 Defense
   Defense                  Defense                  Time % Phy DF OF 
 1 Brendan Mikkelson        Danny Syvret             60     1   2  2  
 2 Mark Fistric             Patrick McNeill          40     1   2  2  

Last Minutes Offensive
   Center                   Left Wing                Right Wing               Defense                  Defense                  
   Vincent Lecavalier       Mark McNeill             Alexandre Bolduc         Brendan Mikkelson        Danny Syvret             

Last Minutes Defensive
   Center                   Left Wing                Right Wing               Defense                  Defense                  
   Vincent Lecavalier       Mark McNeill             Alexandre Bolduc         Brendan Mikkelson        Danny Syvret             

Goaltenders
Starting : Joey MacDonald           
Backup : David Leggio             

Extra Forwards
Normal : John Kurtz, Vincent Lecavalier, Mark McNeill - PP : Alexandre Bolduc, Ryan Hamilton - PK : Mike Halmo
Extra Defensemen
Normal : Danny Syvret, Brendan Mikkelson, Maxime Fortunus - PP : Danny Syvret - PK : Taylor Chorney, Brendan Mikkelson
Penalty Shots
John Kurtz, Vincent Lecavalier, Mark McNeill, Alexandre Bolduc, Ryan Hamilton

Griffins

5 vs 5 Forward 
   Center                   Left Wing                Right Wing               Time % Phy DF OF 
 1 Peter Regin              Matt Frattin             Mark Mancari             35     1   2  2  
 2 John McFarland           Mike Angelidis           William Nylander         30     1   2  2  
 3 Peter Regin              Jay Rosehill             John McFarland           22     1   2  2  
 4 Mike Angelidis           Peter Regin              Jared Staal              13     1   2  2  

5 vs 5 Defense 
   Defense                  Defense                                           Time % Phy DF OF 
 1 Matt Taormina            Mark Alt                                          35     1   2  2  
 2 Taylor Aronson           Robert Hagg                                       30     1   2  2  
 3 Scott Valentine          Mike Keenan                                       22     1   2  2  
 4 Mark Alt                 Matt Taormina                                     13     1   2  2  

PowerPlay Forward 
   Center                   Left Wing                Right Wing               Time % Phy DF OF 
 1 Peter Regin              John McFarland           Mark Mancari             60     1   2  2  
 2 Matt Frattin             Mike Angelidis           William Nylander         40     1   2  2  

PowerPlay Defense
   Defense                  Defense                                           Time % Phy DF OF 
 1 Matt Taormina            Mark Alt                                          60     1   2  2  
 2 Taylor Aronson           Robert Hagg                                       40     1   2  2  

Penalty Kill 4 Players Forward 
   Center                   Wing                     Time % Phy DF OF 
 1 Mark Mancari             Peter Regin              60     1   2  2  
 2 John McFarland           Mike Angelidis           40     1   2  2  

Penalty Kill 4 Players Defense
   Defense                  Defense                  Time % Phy DF OF 
 1 Matt Taormina            Mark Alt                 60     1   2  2  
 2 Taylor Aronson           Robert Hagg              40     1   2  2  

Penalty Kill - 3 Players Forward 
   Forward                                           Time % Phy DF OF 
 1 Mike Angelidis                                    60     1   2  2  
 2 Peter Regin                                       40     1   2  2  

Penalty Kill - 3 Players Defense
   Defense                  Defense                  Time % Phy DF OF 
 1 Matt Taormina            Mark Alt                 60     1   2  2  
 2 Taylor Aronson           Robert Hagg              40     1   2  2  

4 vs 4 Forward 
   Center                   Wing                     Time % Phy DF OF 
 1 Mark Mancari             Peter Regin              60     1   2  2  
 2 Jared Staal              Mike Angelidis           40     1   2  2  

4 vs 4 Defense
   Defense                  Defense                  Time % Phy DF OF 
 1 Matt Taormina            Mark Alt                 60     1   2  2  
 2 Taylor Aronson           Robert Hagg              40     1   2  2  

Last Minutes Offensive
   Center                   Left Wing                Right Wing               Defense                  Defense                  
   Peter Regin              Matt Frattin             Mark Mancari             Matt Taormina            Mark Alt                 

Last Minutes Defensive
   Center                   Left Wing                Right Wing               Defense                  Defense                  
   Peter Regin              Matt Frattin             Mark Mancari             Matt Taormina            Mark Alt                 

Goaltenders
Starting : Anton Forsberg           
Backup : Peter Budaj              

Extra Forwards
Normal : Peter Regin, John McFarland, Jared Staal - PP : Peter Regin, John McFarland - PK : Jared Staal
Extra Defensemen
Normal : Scott Valentine, Mike Keenan, Mark Alt - PP : Scott Valentine - PK : Mike Keenan, Matt Taormina
Penalty Shots
Matt Frattin, Peter Regin, William Nylander, Mike Angelidis, Mark Mancari

% Time on Ice - Barracuda

Lines # - Real PCT - Wanted PCT - Time Play
Normal Forward
1 - 29% - 35% - 13:36
2 - 32% - 30% - 14:56
3 - 24% - 22% - 11:10
4 - 15% - 13% - 6:46
Normal Defense
1 - 32% - 35% - 14:54
2 - 30% - 30% - 13:59
3 - 31% - 22% - 14:37
4 - 6% - 13% - 2:58
PP Forward
1 - 53% - 60% - 2:58
2 - 47% - 40% - 2:38
PP Defense
1 - 65% - 60% - 3:37
2 - 35% - 40% - 1:59
PK Forward
1 - 85% - 60% - 4:47
2 - 15% - 40% - 0:49
PK Defense
1 - 47% - 60% - 2:37
2 - 53% - 40% - 2:59
PK3 Forward
1 - 0% - 60%
2 - 0% - 40%
PK3 Defense
1 - 0% - 60%
2 - 0% - 40%
44 Forward
1 - 88% - 60% - 6:25
2 - 13% - 40% - 0:55
44 Defense
1 - 61% - 60% - 4:29
2 - 39% - 40% - 2:51
Last Minute Offensive  - 0:00
Last Minute Defensive  - 0:00
Total
Forward - 65:00
Defense - 65:00

% Time on Ice - Griffins

Lines # - Real PCT - Wanted PCT - Time Play
Normal Forward
1 - 37% - 35% - 17:16
2 - 27% - 30% - 12:40
3 - 22% - 22% - 10:16
4 - 13% - 13% - 6:16
Normal Defense
1 - 33% - 35% - 15:20
2 - 32% - 30% - 14:45
3 - 30% - 22% - 14:01
4 - 5% - 13% - 2:22
PP Forward
1 - 38% - 60% - 2:09
2 - 62% - 40% - 3:27
PP Defense
1 - 58% - 60% - 3:16
2 - 42% - 40% - 2:20
PK Forward
1 - 96% - 60% - 5:22
2 - 4% - 40% - 0:14
PK Defense
1 - 67% - 60% - 3:45
2 - 33% - 40% - 1:51
PK3 Forward
1 - 0% - 60%
2 - 0% - 40%
PK3 Defense
1 - 0% - 60%
2 - 0% - 40%
44 Forward
1 - 83% - 60% - 6:07
2 - 17% - 40% - 1:13
44 Defense
1 - 53% - 60% - 3:55
2 - 47% - 40% - 3:25
Last Minute Offensive  - 0:00
Last Minute Defensive  - 0:00
Total
Forward - 65:00
Defense - 65:00

Play by Play

1st period


0:01 of 1st period - Peter Regin wins face-off versus Vincent Lecavalier in neutral zone.
0:08 of 1st period - Snap shot by Matt Frattin.
0:08 of 1st period - Stopped by Joey MacDonald with a rebound.
0:14 of 1st period - Peter Regin is hit by Alexandre Bolduc and loses puck.
0:31 of 1st period - Mark Mancari and Mark McNeill fight to a draw.
0:31 of 1st period - Penalty to Mark Mancari for Fighting.
0:31 of 1st period - Penalty to Mark McNeill for Fighting.
0:32 of 1st period - John McFarland wins face-off versus Ryan Hamilton in neutral zone.
0:55 of 1st period - Snap shot by Ryan Hamilton.
0:55 of 1st period - Stopped by Anton Forsberg with a rebound.
1:46 of 1st period - Matt Taormina is hit by Maxime Fortunus and loses puck.
2:20 of 1st period - Peter Regin is hit by Eric Selleck and loses puck.
3:13 of 1st period - Matt Taormina is hit by Alexandre Bolduc and loses puck.
3:42 of 1st period - Snap shot by Bobby Farnham.
3:42 of 1st period - Stopped by Anton Forsberg with a rebound.
4:24 of 1st period - Icing by Danny Syvret.
4:25 of 1st period - Vincent Lecavalier wins face-off versus Peter Regin in Barracuda zone.
5:13 of 1st period - Corey Trivino is hit by Ryan Hamilton and loses puck.
6:00 of 1st period - Robert Hagg is hit by Alexandre Bolduc and loses puck.
6:15 of 1st period - Mark Alt is hit by Maxime Fortunus.
6:23 of 1st period - Wrist shot by Matt Frattin.
6:23 of 1st period - Stopped by Joey MacDonald with a rebound.
6:25 of 1st period - Wrist shot by Matt Frattin.
6:25 of 1st period - Shot Misses the Net.
6:47 of 1st period - Backhand shot by Mike Keenan.
6:47 of 1st period - Shot Blocked by Brendan Mikkelson.
6:48 of 1st period - Jared Staal and Danny Syvret fight to a draw.
6:48 of 1st period - Penalty to Jared Staal for Fighting.
6:48 of 1st period - Penalty to Danny Syvret for Fighting.
6:48 of 1st period - Penalty to Jared Staal for instigated a fight.
6:48 of 1st period - Penalty to Jared Staal for instigated a fight.
6:49 of 1st period - Mark Mancari wins face-off versus Ryan Hamilton in Barracuda zone.
6:58 of 1st period - Snap shot by Mark Mancari.
6:58 of 1st period - Stopped by Joey MacDonald with a rebound.
7:14 of 1st period - Minor Penalty to Brendan Mikkelson for Tripping.
7:15 of 1st period - Mark Mancari wins face-off versus Mark McNeill in Barracuda zone.
7:24 of 1st period - Snap shot by Mark McNeill.
7:24 of 1st period - Deflect By Vincent Lecavalier.
7:24 of 1st period - Stopped by Anton Forsberg with a rebound.
7:26 of 1st period - Slapshot by Maxime Fortunus.
7:26 of 1st period - Shot Misses the Net.
7:28 of 1st period - Slapshot by Vincent Lecavalier.
7:28 of 1st period - Shot Misses the Net.
7:30 of 1st period - Snap shot by Mark Fistric.
7:30 of 1st period - Stopped by Anton Forsberg without a rebound.
7:31 of 1st period - Mark McNeill wins face-off versus Mark Mancari in Griffins zone.
7:47 of 1st period - Snap shot by Vincent Lecavalier.
7:47 of 1st period - Stopped by Anton Forsberg without a rebound.
7:48 of 1st period - Mark Mancari wins face-off versus Mark McNeill in Griffins zone.
8:42 of 1st period - Maxime Fortunus is hit by Taylor Aronson.
8:48 of 1st period - Penalty to Jared Staal is over, Matt Frattin is send on ice.
9:14 of 1st period - Penalty to Brendan Mikkelson is over, Brendan Mikkelson is back on ice.
9:30 of 1st period - Icing by Mark Alt.
9:31 of 1st period - Peter Regin wins face-off versus Ryan Hamilton in Griffins zone.
9:38 of 1st period - Peter Regin is hit by Bobby Farnham and loses puck.
10:49 of 1st period - Snap shot by Mark Mancari.
10:49 of 1st period - Stopped by Joey MacDonald with a rebound.
10:51 of 1st period - Snap shot by Corey Trivino.
10:51 of 1st period - Stopped by Joey MacDonald without a rebound.
10:52 of 1st period - Mike Halmo wins face-off versus Corey Trivino in Barracuda zone.
10:57 of 1st period - William Nylander is hit by Eric Selleck.
11:05 of 1st period - Corey Trivino is hit by John Kurtz and loses puck.
11:57 of 1st period - Corey Trivino is hit by Alexandre Bolduc and loses puck.
12:28 of 1st period - Snap shot by Matt Frattin.
12:28 of 1st period - Stopped by Joey MacDonald without a rebound.
12:29 of 1st period - Ryan Hamilton wins face-off versus Mike Angelidis in Barracuda zone.
13:04 of 1st period - Wrist shot by John McFarland.
13:04 of 1st period - Shot Misses the Net.
13:18 of 1st period - Taylor Chorney is hit by Ben Eager and loses puck.
14:21 of 1st period - Off-side.
14:22 of 1st period - Mark Mancari wins face-off versus Mike Halmo in neutral zone.
14:24 of 1st period - Off-side.
14:25 of 1st period - Mark Mancari wins face-off versus Mike Halmo in neutral zone.
14:28 of 1st period - Slapshot by Matt Taormina.
14:28 of 1st period - Stopped by Joey MacDonald with a rebound.
14:43 of 1st period - Patrick McNeill beats up Mark Mancari.
14:43 of 1st period - Penalty to Mark Mancari for Fighting.
14:43 of 1st period - Penalty to Patrick McNeill for Fighting.
14:43 of 1st period - Penalty to Mark Mancari for instigated a fight.
14:43 of 1st period - Penalty to Mark Mancari for instigated a fight.
14:44 of 1st period - Vincent Lecavalier wins face-off versus Corey Trivino in Griffins zone.
14:56 of 1st period - Snap shot by Mark McNeill.
14:56 of 1st period - Stopped by Anton Forsberg without a rebound.
14:57 of 1st period - Vincent Lecavalier wins face-off versus Corey Trivino in Griffins zone.
15:59 of 1st period - Maxime Fortunus is hit by Mark Alt and loses puck.
16:20 of 1st period - Ben Eager is hit by Alexandre Bolduc and loses puck.
16:43 of 1st period - Penalty to Mark Mancari is over, Matt Frattin is send on ice.
17:17 of 1st period - Mike Angelidis is hit by David Van Der Gulik and loses puck.
17:21 of 1st period - Icing by Scott Valentine.
17:22 of 1st period - John McFarland wins face-off versus Mike Halmo in Griffins zone.
17:43 of 1st period - Wrist shot by Matt Frattin.
17:43 of 1st period - Stopped by Joey MacDonald with a rebound.
17:45 of 1st period - Wrist shot by Mark Alt.
17:45 of 1st period - Shot Blocked by Mark Fistric.
18:21 of 1st period - Matt Frattin is hit by Mark Fistric and loses puck.
19:54 of 1st period - Icing by Mark Fistric.
19:55 of 1st period - Mike Angelidis wins face-off versus Ryan Hamilton in Barracuda zone.
Goals for this period are 0 for Barracuda vs 0 for Griffins.
Shots for this period are 6 for Barracuda vs 8 for Griffins.

2nd period


0:01 of 2nd period - John McFarland wins face-off versus Vincent Lecavalier in neutral zone.
0:15 of 2nd period - Snap shot by Vincent Lecavalier.
0:15 of 2nd period - Stopped by Anton Forsberg with a rebound.
1:02 of 2nd period - Mark Fistric is hit by Matt Frattin and loses puck.
1:42 of 2nd period - Snap shot by Louis Leblanc.
1:42 of 2nd period - Shot Blocked by Taylor Aronson.
1:44 of 2nd period - Snap shot by Patrick McNeill.
1:44 of 2nd period - Shot Blocked by Taylor Aronson.
1:46 of 2nd period - Wrist shot by Louis Leblanc.
1:46 of 2nd period - Shot Misses the Net.
1:48 of 2nd period - 10 Minutes Misconduct Penalty to Jared Staal is over.
1:50 of 2nd period - Wrist shot by David Van Der Gulik.
1:50 of 2nd period - Stopped by Anton Forsberg with a rebound.
1:52 of 2nd period - Wrist shot by David Van Der Gulik.
1:52 of 2nd period - Stopped by Anton Forsberg with a rebound.
1:54 of 2nd period - Snap shot by Rylan Schwartz.
1:54 of 2nd period - Stopped by Anton Forsberg with a rebound.
1:56 of 2nd period - Snap shot by Louis Leblanc.
1:56 of 2nd period - Stopped by Anton Forsberg with a rebound.
2:18 of 2nd period - Maxime Fortunus is hit by Jared Staal and loses puck.
2:33 of 2nd period - Wrist shot by Mike Angelidis.
2:33 of 2nd period - Stopped by Joey MacDonald with a rebound.
2:35 of 2nd period - Slapshot by Mike Keenan.
2:35 of 2nd period - Shot Misses the Net.
2:37 of 2nd period - Wrist shot by Ben Eager.
2:37 of 2nd period - Shot Misses the Net.
2:39 of 2nd period - Wrist shot by Mike Angelidis.
2:39 of 2nd period - Shot Blocked by John Kurtz.
3:06 of 2nd period - Icing by Vincent Lecavalier.
3:07 of 2nd period - Vincent Lecavalier wins face-off versus Matt Frattin in Barracuda zone.
3:44 of 2nd period - Snap shot by Ryan Hamilton.
3:44 of 2nd period - Stopped by Anton Forsberg with a rebound.
3:46 of 2nd period - Snap shot by Bobby Farnham.
3:46 of 2nd period - Stopped by Anton Forsberg without a rebound.
3:47 of 2nd period - John McFarland wins face-off versus Ryan Hamilton in Griffins zone.
4:44 of 2nd period - Minor Penalty to Mike Angelidis for Tripping.
4:45 of 2nd period - Peter Regin wins face-off versus Vincent Lecavalier in Griffins zone.
5:03 of 2nd period - Wrist shot by Corey Trivino.
5:03 of 2nd period - Shot Misses the Net.
5:05 of 2nd period - Snap shot by Mark Alt.
5:05 of 2nd period - Stopped by Joey MacDonald with a rebound.
5:07 of 2nd period - Wrist shot by Mark Alt.
5:07 of 2nd period - Shot Blocked by Danny Syvret.
5:09 of 2nd period - Slapshot by Mark Alt.
5:09 of 2nd period - Shot Blocked by Danny Syvret.
5:55 of 2nd period - Robert Hagg is hit by Alexandre Bolduc and loses puck.
6:26 of 2nd period - Wrist shot by Bobby Farnham.
6:26 of 2nd period - Shot Misses the Net.
6:44 of 2nd period - Penalty to Mike Angelidis is over, Mike Angelidis is back on ice.
6:53 of 2nd period - Snap shot by Vincent Lecavalier.
6:53 of 2nd period - Shot Misses the Net.
6:55 of 2nd period - Slapshot by Mark Fistric.
6:55 of 2nd period - Stopped by Anton Forsberg without a rebound.
6:56 of 2nd period - John McFarland wins face-off versus Vincent Lecavalier in Griffins zone.
7:53 of 2nd period - Slapshot by Mike Angelidis.
7:53 of 2nd period - Stopped by Joey MacDonald with a rebound.
8:17 of 2nd period - Snap shot by Eric Selleck.
8:17 of 2nd period - Shot Misses the Net.
8:31 of 2nd period - Snap shot by Eric Selleck.
8:31 of 2nd period - Shot Blocked by Mark Alt.
8:33 of 2nd period - Slapshot by Mike Halmo.
8:33 of 2nd period - Stopped by Anton Forsberg without a rebound.
8:34 of 2nd period - Mike Halmo wins face-off versus Corey Trivino in Griffins zone.
8:37 of 2nd period - Snap shot by Eric Selleck.
8:37 of 2nd period - Shot Misses the Net.
9:10 of 2nd period - Off-side.
9:11 of 2nd period - Peter Regin wins face-off versus Ryan Hamilton in neutral zone.
9:43 of 2nd period - 10 Minutes Misconduct Penalty to Mark Mancari is over.
9:46 of 2nd period - Taylor Aronson is hit by Alexandre Bolduc and loses puck.
10:12 of 2nd period - Snap shot by Matt Frattin.
10:12 of 2nd period - Goal by Matt Frattin - Barracuda : 0 - Griffins : 1.
10:13 of 2nd period - Peter Regin wins face-off versus Louis Leblanc in neutral zone.
11:09 of 2nd period - Mike Angelidis is hit by Louis Leblanc and loses puck.
12:17 of 2nd period - Vincent Lecavalier is hit by Mike Angelidis and loses puck.
13:14 of 2nd period - Minor Penalty to Scott Valentine for Tripping.
13:15 of 2nd period - Mark Mancari wins face-off versus Vincent Lecavalier in Griffins zone.
14:26 of 2nd period - Minor Penalty to Taylor Chorney for Hooking.
14:27 of 2nd period - Mark McNeill wins face-off versus Mark Mancari in Barracuda zone.
15:01 of 2nd period - Off-side.
15:02 of 2nd period - Mark McNeill wins face-off versus John McFarland in neutral zone.
15:14 of 2nd period - Penalty to Scott Valentine is over, Scott Valentine is back on ice.
15:42 of 2nd period - Danny Syvret is hit by Matt Frattin and loses puck.
16:26 of 2nd period - Penalty to Taylor Chorney is over, Taylor Chorney is back on ice.
16:28 of 2nd period - Slapshot by Matt Frattin.
16:28 of 2nd period - Shot Misses the Net.
16:52 of 2nd period - Wrist shot by John McFarland.
16:52 of 2nd period - Shot Misses the Net.
17:27 of 2nd period - Icing by Marek Hrivik.
17:28 of 2nd period - Ryan Hamilton wins face-off versus Mike Angelidis in Barracuda zone.
17:37 of 2nd period - Snap shot by Ryan Hamilton.
17:37 of 2nd period - Stopped by Anton Forsberg without a rebound.
17:38 of 2nd period - Mike Angelidis wins face-off versus Louis Leblanc in Griffins zone.
17:38 of 2nd period - Mike Angelidis is hit by Rylan Schwartz.
17:43 of 2nd period - Minor Penalty to Maxime Fortunus for Roughing.
17:44 of 2nd period - Vincent Lecavalier wins face-off versus Matt Frattin in Barracuda zone.
18:13 of 2nd period - William Nylander is hit by Taylor Chorney and loses puck.
19:18 of 2nd period - Alexandre Bolduc is hit by Mark Alt and loses puck.
19:23 of 2nd period - Snap shot by Matt Frattin.
19:23 of 2nd period - Stopped by Joey MacDonald with a rebound.
19:43 of 2nd period - Penalty to Maxime Fortunus is over, Maxime Fortunus is back on ice.
Goals for this period are 0 for Barracuda vs 1 for Griffins.
Shots for this period are 10 for Barracuda vs 5 for Griffins.

3rd period


0:01 of 3rd period - Vincent Lecavalier wins face-off versus John McFarland in neutral zone.
0:05 of 3rd period - Off-side.
0:06 of 3rd period - John McFarland wins face-off versus Vincent Lecavalier in neutral zone.
0:31 of 3rd period - Snap shot by Mark McNeill.
0:31 of 3rd period - Stopped by Anton Forsberg without a rebound.
0:32 of 3rd period - Ryan Hamilton wins face-off versus Peter Regin in Griffins zone.
0:35 of 3rd period - Snap shot by Bobby Farnham.
0:35 of 3rd period - Stopped by Anton Forsberg with a rebound.
0:37 of 3rd period - Snap shot by Marek Hrivik.
0:37 of 3rd period - Shot Blocked by Mark Mancari.
0:47 of 3rd period - Snap shot by Bobby Farnham.
0:47 of 3rd period - Shot Misses the Net.
0:49 of 3rd period - Snap shot by Taylor Chorney.
0:49 of 3rd period - Shot Misses the Net.
0:51 of 3rd period - Snap shot by Ryan Hamilton.
0:51 of 3rd period - Shot Misses the Net.
0:53 of 3rd period - Wrist shot by Maxime Fortunus.
0:53 of 3rd period - Deflect By Ryan Hamilton.
0:53 of 3rd period - Shot Misses the Net.
0:53 of 3rd period - Puck is out of play.
0:54 of 3rd period - Vincent Lecavalier wins face-off versus John McFarland in Griffins zone.
0:57 of 3rd period - Slapshot by Vincent Lecavalier.
0:57 of 3rd period - Shot Blocked by Matt Taormina.
2:19 of 3rd period - Minor Penalty to Mark Fistric for Roughing.
2:20 of 3rd period - Vincent Lecavalier wins face-off versus Matt Frattin in Barracuda zone.
2:35 of 3rd period - Slapshot by William Nylander.
2:35 of 3rd period - Shot Misses the Net.
2:37 of 3rd period - Slapshot by Taylor Aronson.
2:37 of 3rd period - Shot Blocked by Taylor Chorney.
2:39 of 3rd period - Slapshot by Robert Hagg.
2:39 of 3rd period - Stopped by Joey MacDonald with a rebound.
2:41 of 3rd period - Slapshot by Taylor Aronson.
2:41 of 3rd period - Stopped by Joey MacDonald with a rebound.
2:43 of 3rd period - Slapshot by Taylor Aronson.
2:43 of 3rd period - Stopped by Joey MacDonald with a rebound.
2:53 of 3rd period - John McFarland is hit by Taylor Chorney and loses puck.
3:28 of 3rd period - Snap shot by Matt Frattin.
3:28 of 3rd period - Shot Misses the Net.
3:30 of 3rd period - Slapshot by Matt Frattin.
3:30 of 3rd period - Stopped by Joey MacDonald with a rebound.
3:46 of 3rd period - Snap shot by Mark Mancari.
3:46 of 3rd period - Stopped by Joey MacDonald with a rebound.
3:50 of 3rd period - Slapshot by Peter Regin.
3:50 of 3rd period - Stopped by Joey MacDonald with a rebound.
3:52 of 3rd period - Snap shot by Matt Taormina.
3:52 of 3rd period - Shot Misses the Net.
4:19 of 3rd period - Penalty to Mark Fistric is over, Mark Fistric is back on ice.
4:28 of 3rd period - Peter Regin is hit by Ryan Hamilton and loses puck.
4:35 of 3rd period - Wrist shot by Ryan Hamilton.
4:35 of 3rd period - Shot Misses the Net.
4:37 of 3rd period - Snap shot by Bobby Farnham.
4:37 of 3rd period - Shot Misses the Net.
4:45 of 3rd period - Wrist shot by Ryan Hamilton.
4:45 of 3rd period - Stopped by Anton Forsberg with a rebound.
4:47 of 3rd period - Slapshot by Mark Fistric.
4:47 of 3rd period - Stopped by Anton Forsberg without a rebound.
4:48 of 3rd period - Louis Leblanc wins face-off versus Mike Angelidis in Griffins zone.
4:57 of 3rd period - Snap shot by Jared Staal.
4:57 of 3rd period - Stopped by Joey MacDonald with a rebound.
5:05 of 3rd period - Snap shot by Ben Eager.
5:05 of 3rd period - Stopped by Joey MacDonald without a rebound.
5:06 of 3rd period - Mike Angelidis wins face-off versus Louis Leblanc in Barracuda zone.
5:46 of 3rd period - John McFarland beats up Marek Hrivik.
5:46 of 3rd period - Penalty to John McFarland for Fighting.
5:46 of 3rd period - Penalty to Marek Hrivik for Fighting.
5:47 of 3rd period - Peter Regin wins face-off versus Ryan Hamilton in Barracuda zone.
6:59 of 3rd period - Alexandre Bolduc is hit by Jay Rosehill and loses puck.
8:03 of 3rd period - Icing by Matt Frattin.
8:04 of 3rd period - Peter Regin wins face-off versus Louis Leblanc in Griffins zone.
10:54 of 3rd period - Icing by Taylor Aronson.
10:55 of 3rd period - Vincent Lecavalier wins face-off versus Peter Regin in Griffins zone.
11:02 of 3rd period - Wrist shot by Alexandre Bolduc.
11:02 of 3rd period - Stopped by Anton Forsberg with a rebound.
11:04 of 3rd period - Wrist shot by Mark McNeill.
11:04 of 3rd period - Shot Misses the Net.
11:06 of 3rd period - Snap shot by Mark McNeill.
11:06 of 3rd period - Shot Misses the Net.
11:08 of 3rd period - Slapshot by Brendan Mikkelson.
11:08 of 3rd period - Shot Misses the Net.
11:10 of 3rd period - Slapshot by Danny Syvret.
11:10 of 3rd period - Shot Blocked by Robert Hagg.
12:28 of 3rd period - Slapshot by Vincent Lecavalier.
12:28 of 3rd period - Stopped by Anton Forsberg without a rebound.
12:29 of 3rd period - Mark McNeill wins face-off versus John McFarland in Griffins zone.
12:30 of 3rd period - Snap shot by Vincent Lecavalier.
12:30 of 3rd period - Stopped by Anton Forsberg without a rebound.
12:31 of 3rd period - Vincent Lecavalier wins face-off versus John McFarland in Griffins zone.
12:48 of 3rd period - Slapshot by Vincent Lecavalier.
12:48 of 3rd period - Stopped by Anton Forsberg with a rebound.
13:44 of 3rd period - Snap shot by Eric Selleck.
13:44 of 3rd period - Stopped by Anton Forsberg without a rebound.
13:45 of 3rd period - Peter Regin wins face-off versus Louis Leblanc in Griffins zone.
14:02 of 3rd period - Wrist shot by Louis Leblanc.
14:02 of 3rd period - Shot Misses the Net.
14:04 of 3rd period - Slapshot by Danny Syvret.
14:04 of 3rd period - Shot Blocked by Peter Regin.
14:06 of 3rd period - Slapshot by Brendan Mikkelson.
14:06 of 3rd period - Deflect By David Van Der Gulik.
14:06 of 3rd period - Shot Misses the Net.
14:06 of 3rd period - Puck is out of play.
14:07 of 3rd period - Vincent Lecavalier wins face-off versus Mike Angelidis in Griffins zone.
14:08 of 3rd period - Snap shot by Alexandre Bolduc.
14:08 of 3rd period - Stopped by Anton Forsberg without a rebound.
14:09 of 3rd period - Vincent Lecavalier wins face-off versus Mike Angelidis in Griffins zone.
14:10 of 3rd period - Slapshot by Alexandre Bolduc.
14:10 of 3rd period - Stopped by Anton Forsberg with a rebound.
14:27 of 3rd period - Off-side.
14:28 of 3rd period - Ryan Hamilton wins face-off versus John McFarland in neutral zone.
14:41 of 3rd period - Snap shot by Ryan Hamilton.
14:41 of 3rd period - Shot Misses the Net.
14:43 of 3rd period - Wrist shot by Ryan Hamilton.
14:43 of 3rd period - Shot Misses the Net.
14:45 of 3rd period - Snap shot by Ryan Hamilton.
14:45 of 3rd period - Stopped by Anton Forsberg with a rebound.
14:47 of 3rd period - Snap shot by Ryan Hamilton.
14:47 of 3rd period - Shot Misses the Net.
14:49 of 3rd period - Wrist shot by Ryan Hamilton.
14:49 of 3rd period - Stopped by Anton Forsberg with a rebound.
14:51 of 3rd period - Slapshot by Danny Syvret.
14:51 of 3rd period - Deflect By Bobby Farnham.
14:51 of 3rd period - Goal by Bobby Farnham - Barracuda : 1 - Griffins : 1.
14:52 of 3rd period - Peter Regin wins face-off versus Vincent Lecavalier in neutral zone.
15:19 of 3rd period - Wrist shot by Vincent Lecavalier.
15:19 of 3rd period - Shot Misses the Net.
16:09 of 3rd period - Patrick McNeill is hit by Jay Rosehill and loses puck.
16:20 of 3rd period - Marek Hrivik is hit by Taylor Aronson and loses puck.
17:00 of 3rd period - Mike Angelidis is hit by Rylan Schwartz and loses puck.
17:37 of 3rd period - John McFarland beats up Maxime Fortunus.
17:37 of 3rd period - Penalty to John McFarland for Fighting.
17:37 of 3rd period - Penalty to Maxime Fortunus for Fighting.
17:38 of 3rd period - Peter Regin wins face-off versus Vincent Lecavalier in neutral zone.
17:41 of 3rd period - Slapshot by Taylor Aronson.
17:41 of 3rd period - Shot Blocked by Alexandre Bolduc.
18:13 of 3rd period - Snap shot by Vincent Lecavalier.
18:13 of 3rd period - Stopped by Anton Forsberg with a rebound.
18:15 of 3rd period - Snap shot by Mark McNeill.
18:15 of 3rd period - Shot Misses the Net.
18:31 of 3rd period - Corey Trivino is hit by Bobby Farnham and loses puck.
18:56 of 3rd period - Mark Alt is hit by Bobby Farnham and loses puck.
19:59 of 3rd period - Mark Alt is hit by Eric Selleck and loses puck.
Goals for this period are 1 for Barracuda vs 0 for Griffins.
Shots for this period are 15 for Barracuda vs 8 for Griffins.

Overtime #1


0:01 of 1st overtime period - Mark Mancari wins face-off versus Mark McNeill in neutral zone.
0:14 of 1st overtime period - Snap shot by Peter Regin.
0:14 of 1st overtime period - Shot Misses the Net.
0:16 of 1st overtime period - Slapshot by Mark Mancari.
0:16 of 1st overtime period - Stopped by Joey MacDonald with a rebound.
0:18 of 1st overtime period - Snap shot by Mark Mancari.
0:18 of 1st overtime period - Stopped by Joey MacDonald with a rebound.
1:35 of 1st overtime period - Wrist shot by Jared Staal.
1:35 of 1st overtime period - Stopped by Joey MacDonald with a rebound.
1:35 of 1st overtime period - Joey MacDonald from Barracuda is injured at 1:35 of 1st overtime period (Bruised Right Shoulder).
1:35 of 1st overtime period - David Leggio enters game.
1:36 of 1st overtime period - Mark Mancari wins face-off versus Mark McNeill in Barracuda zone.
1:37 of 1st overtime period - Snap shot by Peter Regin.
1:37 of 1st overtime period - Deflect By Mark Mancari.
1:37 of 1st overtime period - Stopped by David Leggio with a rebound.
1:39 of 1st overtime period - Slapshot by Mark Alt.
1:39 of 1st overtime period - Stopped by David Leggio with a rebound.
1:41 of 1st overtime period - Snap shot by Matt Taormina.
1:41 of 1st overtime period - Shot Misses the Net.
1:43 of 1st overtime period - Snap shot by Mark Alt.
1:43 of 1st overtime period - Stopped by David Leggio with a rebound.
1:45 of 1st overtime period - Backhand shot by Matt Taormina.
1:45 of 1st overtime period - Shot Misses the Net.
1:47 of 1st overtime period - Wrist shot by Mark Alt.
1:47 of 1st overtime period - Deflect By Mark Mancari.
1:47 of 1st overtime period - Shot Misses the Net.
1:47 of 1st overtime period - Puck is out of play.
1:48 of 1st overtime period - Mark Mancari wins face-off versus Mark McNeill in Barracuda zone.
2:37 of 1st overtime period - Penalty to John McFarland is over, John McFarland is back on ice.
2:37 of 1st overtime period - Penalty to Maxime Fortunus is over, Maxime Fortunus is back on ice.
2:39 of 1st overtime period - Vincent Lecavalier is hit by Mark Mancari and loses puck.
3:22 of 1st overtime period - Backhand shot by Taylor Aronson.
3:22 of 1st overtime period - Stopped by David Leggio with a rebound.
4:40 of 1st overtime period - Wrist shot by John McFarland.
4:40 of 1st overtime period - Stopped by David Leggio without a rebound.
4:41 of 1st overtime period - Mark Mancari wins face-off versus John Kurtz in Barracuda zone.
4:44 of 1st overtime period - Wrist shot by John McFarland.
4:44 of 1st overtime period - Stopped by David Leggio without a rebound.
4:45 of 1st overtime period - Mark Mancari wins face-off versus John Kurtz in Barracuda zone.
Goals for this period are 0 for Barracuda vs 0 for Griffins.
Shots for this period are 0 for Barracuda vs 9 for Griffins.

ShootOut


5:00 of 1st overtime period - Penalty Shot by John Kurtz for Barracuda.
5:00 of 1st overtime period - Deke by John Kurtz.
5:00 of 1st overtime period - Shot Misses the Net.
5:00 of 1st overtime period - Penalty Shot by Matt Frattin for Griffins.
5:00 of 1st overtime period - Wrist shot by Matt Frattin.
5:00 of 1st overtime period - Goal by Matt Frattin.
5:00 of 1st overtime period - Penalty Shot by Vincent Lecavalier for Barracuda.
5:00 of 1st overtime period - Deke by Vincent Lecavalier.
5:00 of 1st overtime period - Stopped by Anton Forsberg.
5:00 of 1st overtime period - Penalty Shot by Peter Regin for Griffins.
5:00 of 1st overtime period - Deke by Peter Regin.
5:00 of 1st overtime period - Stopped by David Leggio.
5:00 of 1st overtime period - Penalty Shot by Mark McNeill for Barracuda.
5:00 of 1st overtime period - Backhand shot by Mark McNeill.
5:00 of 1st overtime period - Stopped by Anton Forsberg.